 Dungeon Crawl Stone Soup version 0.27-a0-1188-g73eefd5def (webtiles) character file.

Game seed: 6686998983682295627

1294 st0uf the Digger (level 8, -2/45 HPs)
             Began as a Gargoyle Earth Elementalist on May 21, 2021.
             Killed by divine providence
             ... invoked by an orc priest
              (10 damage)
             ... on level 6 of the Dungeon.
             The game lasted 00:17:11 (5609 turns).

st0uf the Digger (Gargoyle Earth Elementalist)      Turns: 5609, Time: 00:17:12

Health: -2/45      AC:  9    Str: 11    XL:     8   Next: 56%
Magic:  1/15       EV: 12    Int: 19    God:
Gold:   188        SH:  0    Dex: 16    Spells: 13/17 levels left

rFire    . . .     SeeInvis +   v - +3 quarterstaff
rCold    . . .     Faith    .   (shield currently unavailable)
rNeg     + . .     Spirit   .   c - +0 robe
rPois    ∞         Reflect  .   z - +0 helmet
rElec    +         Harm     .   (no cloak)
rCorr    .         Rampage  .   (no gloves)
Will     .....                  (no boots)
Stlth    +++.......             (no amulet)
HPRegen  0.15/turn              a - +6 ring of dexterity
MPRegen  0.14/turn              C - ring of see invisible

@: no status effects
A: sickness immunity, AC +5, negative energy resistance 1, electricity
resistance, torment resistance 1, petrification resistance
a: no special abilities


You were on level 6 of the Dungeon.
You visited 1 branch of the dungeon, and saw 6 of its levels.

You collected 338 gold pieces.
You spent 150 gold pieces at shops.

Inventory:

Hand Weapons
 g - a +0 flail
 v - a +3 quarterstaff (weapon)
Missiles
 b - 114 stones
Armour
 c - a +0 robe (worn)
 j - a +2 scale mail of cold resistance
 r - a +0 ring mail
 z - a +0 helmet (worn)
 G - a +0 buckler
Jewellery
 a - a +6 ring of dexterity (left hand)
 h - a ring of protection from cold
 i - an amulet of faith
 m - a +6 ring of dexterity
 u - a ring of willpower
 C - a ring of see invisible (right hand)
Wands
 y - a wand of paralysis (8)
 A - a wand of polymorph (8)
 B - a wand of flame (11)
 E - a wand of iceblast (7)
Scrolls
 d - 2 scrolls of fog {unknown}
 e - 3 scrolls of identify {unknown}
 f - a scroll of blinking {unknown}
 n - 2 scrolls of teleportation {unknown}
 o - a scroll of noise {unknown}
 s - a scroll of fear {unknown}
 x - a scroll of holy word {unknown}
 D - a scroll of enchant armour {unknown}
 F - a scroll of amnesia {unknown}
Potions
 k - a potion of haste {unknown}
 l - a potion of heal wounds {unknown}
 p - 3 potions of magic {unknown}
 q - a potion of invisibility {unknown}
 t - 2 potions of curing
 w - 2 potions of lignification {unknown}
 H - a potion of might {unknown}


   Skills:
 + Level 2.6 Fighting
 * Level 3.7 Armour
 - Level 1.5 Dodging
 + Level 5.0 Stealth
 + Level 5.1 Spellcasting
 * Level 3.8 Conjurations
 + Level 0.7 Transmutations
 + Level 7.0 Earth Magic


You had 13 spell levels left.
You knew the following spells:

 Your Spells              Type           Power      Damage    Failure   Level
a - Sandblast             Erth           62%        2d14      1%          1
b - Stone Arrow           Conj/Erth      50%        3d10      4%          3

Your spell library contained the following spells:

 Spells                   Type           Power      Damage    Failure   Level
 Passwall                 Tmut/Erth      15%        N/A       3%          2
 Summon Small Mammal      Summ           16%        N/A       12%         1
 Call Imp                 Summ           4%         N/A       19%         2
 Lee's Rapid Deconstruct  Erth           15%        3d11*     19%         5
 Petrify                  Tmut/Erth      19%        N/A       26%         4
 Call Canine Familiar     Summ           4%         N/A       36%         3
 Summon Guardian Golem    Hex/Summ       4%         N/A       36%         3
 Summon Ice Beast         Ice/Summ       4%         N/A       77%         4
 Summon Lightning Spire   Summ/Air       4%         N/A       77%         4


Dungeon Overview and Level Annotations

Branches:
Dungeon (6/15)
 Temple: D:4-7

Altars:

Shops:
D:1 (   D:2 =

Annotations:
D:3 Grinder
D:5 Sigmund


Innate Abilities, Weirdness & Mutations

You are immune to sickness and miasma.
Your stone body is resilient. (AC +5)
You are immune to poison.
You resist negative energy. (rN+)
You are resistant to electric shocks. (rElec)
You are resistant to unholy torment.
You are immune to petrification.


Message History

The blast of sand hits the orc priest.
The orc priest is almost dead.
The orc wizard hits you but does no damage.
The orc priest barely misses you.
The orc priest hits you with a +0 hand axe.
* * * LOW HITPOINT WARNING * * *
Casting: Sandblast (safe; 1% risk of failure)
Confirm with . or Enter, or press ? or * to list all spells.
Aiming: Sandblast (safe; 1% risk of failure)
Press: ? - help, Shift-Dir - straight line, f/p - orc priest
Aim: an orc priest, wielding a +0 whip and wearing a +0 ring mail (almost dead, 84% to hit)
The blast of sand hits the orc priest but does no damage.
The orc priest is almost dead.
The orc wizard barely misses you.
The orc priest mumbles some strange prayers to Beogh against you.
You struggle to resist.
The orc priest mumbles some strange prayers to Beogh against you.
Pain shoots through your body!
* * * LOW HITPOINT WARNING * * *
Unknown command.
Casting: Sandblast (safe; 1% risk of failure)
Confirm with . or Enter, or press ? or * to list all spells.
Aiming: Sandblast (safe; 1% risk of failure)
Press: ? - help, Shift-Dir - straight line, f/p - orc priest
Aim: an orc priest, wielding a +0 whip and wearing a +0 ring mail (almost dead, 84% to hit)
The blast of sand hits the orc priest.
You kill the orc priest!
The orc wizard closely misses you. The orc priest barely misses you.
Your Earth Magic skill increases to level 7!
Casting: Sandblast (safe; 1% risk of failure)
Confirm with . or Enter, or press ? or * to list all spells.
Aiming: Sandblast (safe; 1% risk of failure)
Press: ? - help, Shift-Dir - straight line, f - orc priest
Aim: an orc priest, wielding a +0 hand axe (82% to hit)
The blast of sand hits the orc priest!
The orc priest is almost dead.
The orc wizard barely misses you.
The orc priest invokes the aid of Beogh against you.
Beogh smites you!
You die...

...#### ..###.# ...#..##
.......#### ........#.####
.#......#.##.####
.##...#....).>..####
..#..###.##.##..)).###
......#####..).)@o...### ......#
##.)...o.....## ......#
#.............## ......##
#.........##...# .......#
#.........###..####### ........
......................##
...........##...................#
...........)...♣...8≈≈†≈≈≈o≈≈8...
........ ........≈≈≈≈≈≈≈≈≈≈≈...


You could see an orc priest and an orc wizard (invisible).

Vanquished Creatures
  3 necrophages
  3 ogres
  A phantom (D:4)
  2 electric eels (D:6)
  A howler monkey (D:5)
  A bullfrog zombie (D:6)
  2 jellies
  2 orc priests (D:6)
  2 hounds (D:4)
  3 iguanas
  4 orc wizards
  A howler monkey skeleton (D:6)
  3 gnolls (D:3)
  6 adders
  3 worms (D:2)
  3 dart slugs
  17 orcs
  4 ball pythons
  3 bats
  6 endoplasms
  3 goblins
  7 hobgoblins
  4 jackals (D:4)
  3 quokkas
  4 frilled lizards
  8 kobolds
  9 rats
108 creatures vanquished.

Notes
Turn   | Place    | Note
-------+----------+-------------------------------------------
     0 | D:1      | st0uf the Gargoyle Earth Elementalist began the quest for
                  | the Orb.
     0 | D:1      | Reached XP level 1. HP: 10/10 MP: 3/3
   445 | D:1      | Reached XP level 2. HP: 14/15 MP: 5/5
   626 | D:1      | Found a faded altar of an unknown god.
   996 | D:1      | Reached skill level 4 in Earth Magic
  1063 | D:1      | Found Ziok's Antique Weapon Shop.
  1366 | D:2      | Reached XP level 3. HP: 20/20 MP: 2/6
  1370 | D:2      | Learned a level 3 spell: Stone Arrow
  1750 | D:2      | Found Affiub's Jewellery Emporium.
  1983 | D:2      | Reached XP level 4. HP: 14/24 MP: 7/7
  2612 | D:3      | Reached skill level 1 in Fighting
  2785 | D:3      | Reached skill level 1 in Conjurations
  2897 | D:3      | Noticed Grinder
  2957 | D:3      | Reached XP level 5. HP: 21/29 MP: 2/9
  3373 | D:4      | Noticed a phantom
  3385 | D:4      | Killed a phantom
  3386 | D:4      | Reached skill level 1 in Armour
  3583 | D:4      | Reached XP level 6. HP: 34/35 MP: 10/10
  4007 | D:5      | Entered Level 5 of the Dungeon
  4122 | D:5      | Noticed Sigmund
  4226 | D:2      | Bought a ring of see invisible for 150 gold pieces
  4298 | D:5      | Noticed a necrophage
  4310 | D:5      | Killed a necrophage
  4311 | D:5      | Reached skill level 5 in Earth Magic
  4431 | D:5      | Reached XP level 7. HP: 40/40 MP: 9/12
  5265 | D:6      | Noticed a yak
  5344 | D:6      | Reached skill level 6 in Earth Magic
  5344 | D:6      | Reached XP level 8. HP: 45/45 MP: 8/14
  5430 | D:6      | Reached skill level 5 in Spellcasting
  5575 | D:6      | Reached skill level 5 in Stealth
  5609 | D:6      | Reached skill level 7 in Earth Magic
  5609 | D:6      | Killed from afar by an orc priest

Illustrated notes

Levels and vault maps discovered:
D:1:      sevenhm_arrival_forest_fort_large_2, layout_loops_ring,
          shapermc_ecumenical_altar_starsandcircs, serial_shops, shop,
          minmay_tree_intersection
D:2:      layout_loops_corners, serial_shops, shop
D:3:      layout_rooms, small_statue_intersection, uniq_grinder
D:4:      layout_cave_pools
D:5:      layout_rooms, uniq_sigmund
D:6:      layout_cave_pools, serial_park, serial_park_tiny_2,
          serial_park_fountain, serial_park_tiny_1, serial_park_tiny_pond,
          serial_park_square1 [serial_park_minivault_5x5_1]

Skill      XL: |  1  2  3  4  5  6  7  8 |
---------------+-------------------------+-----
Earth Magic    | 4 5 6 7 |  7.0
Stealth        | 3 4 5 |  5.0
Fighting       | 1 2 |  2.6
Conjurations   | 1 2 3 |  3.8
Armour         | 1 2 3 |  3.7
Spellcasting   | 3 4 5 |  5.1
Dodging        | |  1.5
Transmutations | |  0.7

Action                   |  1- 3 |  4- 6 |  7- 9 || total
-------------------------+-------+-------+-------++-------
Melee: Unarmed           |    17 |       |       ||    17
       Flail             |    88 |    42 |       ||   130
       Quarterstaff      |       |    39 |    47 ||    86
 Cast: Sandblast         |    12 |    28 |    62 ||   102
       Stone Arrow       |       |       |     2 ||     2
  Use: Potion            |       |       |     1 ||     1
 Stab: Sleeping          |    10 |     6 |     1 ||    17
Armor: Robe              |    33 |    31 |    34 ||    98
Dodge: Dodged            |    63 |    58 |    49 ||   170

Table legend: (Time is in decaauts)
 A = Elapsed time spent in this place.
 B = Non-inter-level travel time spent in this place.
 C = Inter-level travel time spent in this place.
 D = Time resting spent in this place.
 E = Time spent auto-exploring this place.
 F = Levels seen in this place.
 G = Mean time per level.
                   A        B        C        D        E       F      G
               +--------+--------+--------+--------+--------+-----+--------+
         Total |   5682 |   5354 |    328 |    767 |   3225 |   6 |  947.0 |
       Dungeon |   5682 |   5354 |    328 |    767 |   3225 |   6 |  947.0 |
               +--------+--------+--------+--------+--------+-----+--------+

Top non-repeatable levels by time:
     D:2: 1354 daAuts
     D:1: 1348 daAuts
     D:5: 892 daAuts
     D:3: 772 daAuts
     D:4: 734 daAuts
     D:6: 580 daAuts
